 Dungeon Crawl Stone Soup version 0.28.0-49-g6dfe1f597d (webtiles) character file.

Game seed: 15071995972784656086

1 Exodus22XD the Sneak (level 1, -1/9 HPs)
             Began as a Spriggan Enchanter on May 15, 2022.
             Slain by a quokka (2 damage)
             ... on level 1 of the Dungeon.
             The game lasted 00:00:11 (305 turns).

Exodus22XD the Sneak (Spriggan Enchanter)            Turns: 305, Time: 00:00:12

Health: -1/9       AC:  2    Str:  4    XL:     1   Next: 16%
Magic:  5/5        EV: 17    Int: 16    God:
Gold:   20         SH:  0    Dex: 15    Spells: 5/5 levels left

rFire   . . .      SeeInvis +   a - +1 dagger
rCold   . . .      Faith    .   (no shield)
rNeg    . . .      Spirit   .   b - +0 robe
rPois   .          Reflect  .   (helmet restricted)
rElec   .          Harm     .   (no cloak)
rCorr   .          Rampage  .   (gloves unavailable)
Will    .....                   (boots unavailable)
Stlth   +++.......              (no amulet)
HPRegen 0.03/turn               (no ring)
MPRegen 0.09/turn               (no ring)

@: very quick
A: very small, no large weapons, unfitting armour, see invisible, speed 3
a: no special abilities


You were on level 1 of the Dungeon.
You visited 1 branch of the dungeon, and saw 1 of its levels.

You collected 20 gold pieces.

Inventory:

Hand Weapons
 a - a +1 dagger (weapon)
Armour
 b - a +0 robe (worn)
Scrolls
 d - a scroll of magic mapping {unknown}
 e - a scroll of teleportation {unknown}
Potions
 c - a potion of invisibility


   Skills:
 - Level 1.1 Short Blades
 - Level 2.6 Dodging
 + Level 4.6 Stealth
 - Level 2.6 Spellcasting
 - Level 3.6 Hexes


You had 5 spell levels left.
You didn't know any spells.
Your spell library contained the following spells:

 Spells                   Type           Power      Damage    Failure   Level
 Confusing Touch          Hex            13%        N/A       13%         3
 Tukima's Dance           Hex            13%        N/A       13%         3
 Ensorcelled Hibernation  Hex/Ice        14%        N/A       14%         2
 Dazzling Flash           Conj/Hex       14%        N/A       28%         3


Dungeon Overview and Level Annotations

Branches:
Dungeon (1/15)

Altars:


Innate Abilities, Weirdness & Mutations

You are very small and have problems with some larger weapons.
You are too small for most types of armour.
You have supernaturally acute eyesight. (SInv)
You cover ground extremely quickly. (Speed+++)


Message History

A quokka comes into view.
A quokka is nearby!
An endoplasm comes into view.
Found a ring mail.
You hit the quokka but do no damage. The quokka closely misses you.
You barely miss the quokka. The quokka closely misses you.
You barely miss the quokka. The quokka closely misses you.
You barely miss the quokka. The quokka bites you.
You hit the quokka.
The quokka is moderately wounded.
The quokka closely misses you.
You barely miss the quokka.
The quokka is moderately wounded.
The quokka bites you. The quokka closely misses you.
You hit the quokka but do no damage.
The quokka is lightly wounded.
The quokka bites you.
You hit the quokka but do no damage.
The quokka is lightly wounded.
The quokka barely misses you.
You closely miss the quokka.
The quokka is lightly wounded.
The quokka misses you.
You miss the quokka.
The quokka is lightly wounded.
The quokka barely misses you.
You hit the quokka.
The quokka is moderately wounded.
The quokka misses you.
You barely miss the quokka.
The quokka is moderately wounded.
The quokka barely misses you.
You barely miss the quokka.
The quokka is moderately wounded.
The quokka closely misses you. The quokka bites you.
* * * LOW HITPOINT WARNING * * *
You barely miss the quokka.
The quokka is moderately wounded.
The quokka bites you.
You die...

#.... ............#
.##...###..........#
...................#
...................#####
.......................#
.........#########.###.#
.........# #.# #.#
.........# #.# #.#
....>...@# #.# #.#
........r# #.# #.#
.........# #.# #.##
J........# #.###.#.
.........# #.#...#.
.........# #.#.#...
.[.......# #.#.#.##
.........# #.# #.# #.#
..#


You could see a quokka.

Vanquished Creatures
  A goblin (D:1)
1 creature vanquished.

Notes
Turn   | Place    | Note
-------+----------+-------------------------------------------
     0 | D:1      | Exodus22XD the Spriggan Enchanter began the quest for the
                  | Orb.
     0 | D:1      | Reached XP level 1. HP: 9/9 MP: 5/5
   305 | D:1      | Slain by a quokka

Illustrated notes

Levels and vault maps discovered:
D:1:      psy_arrival_whirlpool, layout_basic

Action                   || total
-------------------------++-------
Melee: Dagger            ||    20
Armor: Robe              ||     1
Dodge: Dodged            ||    13
